 Dungeon Crawl Stone Soup version 0.28.0-45-g0d030f2227 (webtiles) character file.

Game seed: 3652946200094995826

6336 boopmooplesden the Carver (level 10, -15/135 HPs)
             Began as a Minotaur Berserker on Apr 18, 2022.
             Was an Elder of Trog.
             Demolished by Erolcha
             ... wielding a +0 giant club
              (22 damage)
             ... on level 10 of the Dungeon.
             The game lasted 00:11:03 (12132 turns).

boopmooplesden the Carver (Minotaur Berserker)     Turns: 12132, Time: 00:11:03

Health: -15/135    AC: 17    Str: 23    XL:     10   Next: 64%
Magic:  9/9        EV:  9    Int:  4    God:    Trog [****..]
Gold:   487        SH:  0    Dex: 13    Spells: 9/9 levels left

rFire   . . .      SeeInvis .   D - +0 quarterstaff (speed)
rCold   . . .      Faith    .   (shield currently unavailable)
rNeg    . . .      Spirit   .   C - +0 plate armour
rPois   +          Reflect  .   (helmet restricted)
rElec   .          Harm     .   E - +2 cloak
rCorr   .          Rampage  .   (no gloves)
Will    .....                   (no boots)
Stlth   ..........              (no amulet)
HPRegen 0.32/turn               h - ring of poison resistance
MPRegen 0.11/turn               (no ring)

@: berserking, very quick
A: horns 2, retaliatory headbutt
a: Renounce Religion, Berserk, Trog's Hand, Brothers in Arms


You were on level 10 of the Dungeon.
You worshipped Trog.
Trog was greatly pleased with you.
You visited 1 branch of the dungeon, and saw 10 of its levels.

You collected 487 gold pieces.

Inventory:

Hand Weapons
 a - a +0 falchion
 A - a +2 vorpal scimitar
 D - a +0 quarterstaff of speed (weapon)
Missiles
 n - a throwing net (quivered)
 B - 3 boomerangs
Armour
 C - a +0 plate armour (worn)
 E - a +2 cloak (worn)
Jewellery
 d - a ring of magical power
 g - an amulet of magic regeneration
 h - a ring of poison resistance (left hand)
 j - a ring of fire
 s - a +4 ring of evasion
Wands
 k - a wand of acid (13)
 v - a wand of digging (8)
Scrolls
 i - 2 scrolls of magic mapping
 m - 2 scrolls of teleportation
 q - a scroll of fear
 r - a scroll of fog
Potions
 b - 4 potions of haste
 c - a potion of cancellation {unknown}
 e - 2 potions of magic
 f - a potion of resistance
 l - 2 potions of curing
 o - a potion of heal wounds {unknown}
 p - a potion of mutation {unknown}
 t - a potion of brilliance
 u - a potion of flight {unknown}
 z - a potion of attraction {unknown}


   Skills:
 + Level 8.8 Fighting
 + Level 12.8 Long Blades
 + Level 2.5 Staves
 + Level 9.4 Armour
 + Level 7.1 Dodging
 + Level 2.7 Stealth


You had 9 spell levels left.
You didn't know any spells.
Your spell library was empty.

Dungeon Overview and Level Annotations

Branches:
Dungeon (10/15)            Temple (0/1) D:5            Lair (0/6) D:8
    Orc: D:9-12

Altars:
Uskayaw

Annotations:
D:10 Erolcha


Innate Abilities, Weirdness & Mutations

You have a pair of horns on your head.
You reflexively headbutt those who attack you in melee.


Message History

a +0 club; an orc corpse Done exploring.
Done exploring.
Done exploring.
Done exploring.
(D) Dungeon (T) Temple (L) Lair
Where to? (Enter - D:9, ? - help)
What level of the Dungeon? (default 1, ? - help)
There is a stone staircase leading down here.
You climb downwards.
There is a stone staircase leading up here.
The orc shouts!
The orc shouts!
Erolcha the Cunning comes into view.
She is wielding a +0 giant club.
Erolcha shouts!
Erolcha gestures wildly while chanting.
Erolcha flickers and vanishes!
Deactivating autopickup; reactivate with Ctrl-A.
Something hits you!
You hit something. You sock something! Something hits you but does no damage.
You miss something. Something hits you!!
You sock something! Your headbutt misses something. Something hits you!!
You hit something but do no damage. Your headbutt misses something.
Something hits you!!
* * * LOW HITPOINT WARNING * * *
You miss something. You hit something.
You hear some strange, mumbled words.
Something tries to affect you, but you resist.
A red film seems to cover your vision as you go berserk!
You feel yourself moving faster!
You feel mighty! Something hits you!!
* * * LOW HITPOINT WARNING * * *
You closely miss something. Your headbutt misses something. Something hits you!
* * * LOW HITPOINT WARNING * * *
You thump something! You thump something! You closely miss something.
Your headbutt misses something. Something hits you!!
You die...

#######################
#.....................#
.#####.##.#######.##.#
#@##.#######.##.#
#{##....#....##.#
#.#####.#.#####.# #.#
#.#.# #.# ....
#.#.#####.# #.##.
#.#.##....#
#.##.##.#.##.##.#
#.##....#....##.#
############.#


There were no monsters in sight!

Vanquished Creatures
  Pikel (D:9)
  Joseph (D:9)
  The ghost of pkoi the Twirler, an amateur DgGl (D:6)
  A hornet (D:5)
  2 wraiths
  A vampire (D:8)
  Sigmund (D:6)
  A wyvern (D:9)
  A yak (D:8)
  Menkaure (D:4)
  8 water moccasins
  4 orc warriors (D:9)
  A black bear (D:8)
  2 ice beasts (D:6)
  A sky beast (D:7)
  5 ogres
  4 centaurs
  A phantom (D:7)
  A bullfrog (D:6)
  A gnoll sergeant (D:8)
  A scorpion (D:8)
  A water moccasin skeleton (D:4)
  4 wights (D:7)
  2 centaur zombies (D:8)
  A centaur skeleton (D:7)
  2 jellies
  2 gnoll shamans (D:9)
  5 orc priests
  4 hounds
  A bullfrog skeleton (D:5)
  3 iguanas
  Natasha (twice) (D:3)
  10 orc wizards
  A killer bee zombie (D:9)
  A bullfrog simulacrum (D:6)
  A hound skeleton (D:5)
  A killer bee simulacrum (D:6)
  2 howler monkey zombies
  Robin (D:3)
  7 adders
  14 gnolls
  3 white imps (D:6)
  An adder skeleton (D:4)
  4 worms
  2 dart slugs
  38 orcs
  9 ball pythons
  3 bats
  6 endoplasms
  2 giant cockroaches (D:1)
  15 goblins
  6 hobgoblins
  2 jackals
  6 kobolds
  3 quokkas
  6 frilled lizards
  6 rats
217 creatures vanquished.

Vanquished Creatures (others)
  32 fungi (D:8)
  43 plants (D:8)
75 creatures vanquished.

Grand Total: 292 creatures vanquished

Notes
Turn   | Place    | Note
-------+----------+-------------------------------------------
     0 | D:1      | boopmooplesden the Minotaur Berserker began the quest for
                  | the Orb.
     0 | D:1      | Reached XP level 1. HP: 19/19 MP: 0/0
   574 | D:1      | Reached XP level 2. HP: 27/27 MP: 1/1
   602 | D:1      | Reached skill level 4 in Long Blades
   833 | D:1      | Found a faded altar of an unknown god.
  1202 | D:2      | Reached XP level 3. HP: 32/33 MP: 2/2
  1282 | D:2      | Reached ** piety under Trog
  2248 | D:3      | Noticed Natasha
  2255 | D:3      | Killed Natasha
  2256 | D:3      | Reached skill level 5 in Long Blades
  2256 | D:3      | Reached XP level 4. HP: 33/41 MP: 3/3
  2424 | D:3      | Reached XP level 5. HP: 43/47 MP: 4/4
  2588 | D:3      | Noticed Robin
  2615 | D:3      | Killed Robin
  2663 | D:3      | Noticed Natasha
  2672 | D:3      | Killed Natasha
  3253 | D:3      | Reached *** piety under Trog
  3254 | D:3      | Reached skill level 6 in Long Blades
  3934 | D:4      | Noticed Menkaure
  3943 | D:4      | Killed Menkaure
  3944 | D:4      | Reached XP level 6. HP: 35/55 MP: 5/5
  4145 | D:4      | Reached skill level 5 in Fighting
  4238 | D:4      | Reached skill level 7 in Long Blades
  4583 | D:4      | Reached XP level 7. HP: 34/61 MP: 6/6
  5356 | D:5      | Entered Level 5 of the Dungeon
  5529 | D:5      | Reached skill level 5 in Armour
  5823 | D:5      | Reached skill level 1 in Stealth
  5938 | D:5      | Found a staircase to the Ecumenical Temple.
  5949 | D:5      | Reached skill level 8 in Long Blades
  6310 | D:5      | Reached XP level 8. HP: 53/69 MP: 7/7
  6565 | D:5      | Reached skill level 9 in Long Blades
  6632 | D:5      | Noticed a hornet
  6641 | D:5      | Killed a hornet
  6642 | D:5      | Reached skill level 5 in Dodging
  6812 | D:6      | Found a runed translucent gate.
  6812 | D:6      | Found a runed translucent gate.
  6812 | D:6      | Found a runed translucent gate.
  6997 | D:6      | Noticed pkoi's ghost (amateur DgGl)
  7277 | D:6      | Noticed Sigmund
  7292 | D:6      | Killed Sigmund
  7293 | D:6      | Reached skill level 10 in Long Blades
  7495 | D:6      | Reached XP level 9. HP: 78/78 MP: 8/8
  7866 | D:6      | Killed pkoi's ghost
  7890 | D:6      | Reached skill level 11 in Long Blades
  8838 | D:7      | Noticed a +0 hand axe
  8840 | D:7      | Found a hide-covered altar of Uskayaw.
  8840 | D:7      | Noticed a +0 hand axe
  8874 | D:7      | Reached **** piety under Trog
  9307 | D:8      | Found a staircase to the Lair.
  9380 | D:8      | Reached XP level 10. HP: 49/88 MP: 9/9
  9874 | D:8      | Reached skill level 12 in Long Blades
 10353 | D:9      | Identified the +2 ring mail "Saakhlack" {rCorr}
 10490 | D:9      | Noticed Joseph
 10492 | D:9      | Noticed Pikel
 10537 | D:9      | Killed Pikel
 10543 | D:9      | Killed Joseph
 11180 | D:9      | Reached skill level 1 in Staves
 12015 | D:10     | Entered Level 10 of the Dungeon
 12118 | D:10     | Noticed Erolcha
 12129 | D:10     | HP: 6/135 [something (8)]
 12132 | D:10     | Demolished by Erolcha

Illustrated notes

Levels and vault maps discovered:
D:1:      dpeg_arrival_circle_labyrinth_a, layout_rooms,
          ebering_ecumenical_altar_petrified, serial_park_tiny_pond,
          dk_noncrumbling_3, minmay_misc_feat_tower
D:2:      layout_loops_cross, minmay_tall_x
D:3:      layout_basic, minmay_distorted, uniq_natasha, uniq_robin
D:4:      layout_loops_ring, minmay_quantized, uniq_menkaure
D:5:      layout_gridville, minmay_temple_entry_junction, nrook_mini_vaults
D:6:      layout_loops_corners, gammafunk_ghost_icy, uniq_sigmund
D:7:      layout_cave_pools, dancing_weapons_uskayaw
D:8:      layout_basic, due_lair_maze_entry_diamond
D:9:      layout_basic, uniq_pikel, uniq_joseph
D:10:     layout_long_grid, orc_0_dummy, serial_co_window_serial,
          co_window_paths_a, co_window_of_opportunity_a,
          co_window_of_opportunity_a, co_window_corner_a, co_window_corner_a,
          co_window_2corner, co_window_broadway_c, co_window_unsneaky_path_e,
          co_window_2corner, co_window_corner_ca, co_window_unsneaky_path_a,
          co_window_corner_b, co_window_paths_e, co_window_4corner_a,
          glass_columns_b, uniq_erolcha

Skill      XL: |  1  2  3  4  5  6  7  8  9 10 |
---------------+-------------------------------+-----
Fighting       | 4 5 6 7 8 |  8.8
Long Blades    | 4 5 6 7 8 10 11 12 | 12.8
Armour         | 3 4 5 6 8 9 |  9.4
Dodging        | 3 4 5 6 7 |  7.1
Stealth        | 1 2 |  2.7
Staves         | 2 |  2.5

Action                   |  1- 3 |  4- 6 |  7- 9 | 10-12 || total
-------------------------+-------+-------+-------+-------++-------
Melee: Falchion          |    98 |   140 |   283 |    76 ||   597
       Headbutt          |    11 |    22 |    56 |    40 ||   129
       Punch             |       |     1 |     3 |     1 ||     5
       Quarterstaff      |       |       |       |    78 ||    78
       Scimitar          |       |       |       |    12 ||    12
Invok: Berserk           |       |     3 |     9 |     5 ||    17
  Use: Scroll            |     1 |       |    13 |       ||    14
Armor: Leather armour    |    22 |     9 |       |       ||    31
       Animal skin       |     1 |       |       |       ||     1
       Ring mail         |       |    34 |    79 |    14 ||   127
       Plate armour      |       |       |       |    59 ||    59
       Scale mail        |       |       |       |    30 ||    30
Dodge: Dodged            |    46 |    69 |   167 |   109 ||   391
